Unix NetHack Version 5.0.0-0 post-release - last build Jun 10 2026 00:39:30 (3ee93aec679c4c4259841fe613dc97188e26a321,branch:main).

Game began 2026-06-12 22:01:14, ended 2026-06-13 07:41:01.

LDaviesPeters, neutral female human Archeologist

                            -------
                            |.....|                       --------
         ---------          |.....|        ------         |....<.|
         |........##########-.....|        |.@q.|     ####.......|
         |.......|         #|.....|        |..__.######   |......|
         -----|---         #|....(|        |.._.|         |......|       -----
              #           ##|.....|        --|-.-    #####.......|       +.[{|
              #           # -|-----          # #    ##    ----.---       |...|
              ##          #  #             ### #    #         ##     ####-...|
               #         ##  #             #   #    #          #     #   -----
               #         #   #        ##########   ##          #    ##
           ----.-------  #  -|---     #----.---   ##           #    #
           |..........|  #  |....######........####            ###  #
           |...........#### |`).|     #|......|               ---.--#
           |..........|###  |...|      |......|               |>..`-#
           |...........#    |...|      |......|               |(...|
           ------------     -----      |......|               |....|
                                       --------               |....|
                                                              ---+--

LDaviesPeters the Field Worker  St:11 Dx:11 Co:17 In:14 Wi:17 Ch:12  Neutral
Dlvl:3  $:0  HP:0(38) Pw:22(22) AC:8  Xp:5 T:4857 

Latest messages:
 You see here a rock piercer corpse.
 There is a rock piercer corpse here; sacrifice it? [ynq] (n) y
 Your sacrifice is consumed in a plume of smoke!
 You have a feeling of reconciliation.
 What do you want to use or apply? [abfgklpFGL or ?*] p
 A rock piercer suddenly appears next to you!
 You miss the rock piercer.
 The rock piercer bites!
 You hit the rock piercer.
 You hit the rock piercer!
 The rock piercer turns to flee.
 You miss the rock piercer.
 You miss the rock piercer.
 You miss the rock piercer.
 You miss the rock piercer.
 You miss the rock piercer.
 You miss the rock piercer.
 You hit the rock piercer!
 You miss the rock piercer.
 You hit the rock piercer.
 You miss the rock piercer.
 You kill the rock piercer!
 What do you want to use or apply? [abfgklpFGL or ?*] p
 A rothe suddenly appears next to you!
 You hit the rothe.
 The rothe hits!
 The rothe bites!
 The rothe bites again!
 You miss the rothe.
 The rothe hits!
 The rothe bites!
 The rothe bites again!
 You hit the rothe!
 The rothe hits!
 The rothe misses!
 The rothe bites!
 You miss the rothe.
 The rothe hits!
 The rothe bites!
 The rothe misses!
 You miss the rothe.
 The rothe hits!
 The rothe just misses!
 The rothe bites!
 You die...
 Do you want your possessions identified? [ynq] (y) y
 Do you want to see your attributes? [ynq] (y) y
 Do you want an account of creatures vanquished? [ynaq] (y) n
 Do you want to see your conduct and achievements? [ynq] (y) y
 Do you want to see the dungeon overview? [ynq] (y) n

Inventory:
 Amulets  ('"')
  m - an uncursed amulet of guarding
  K - an uncursed amulet versus poison (being worn)
 Weapons  (')')
  a - a +2 bullwhip
  s - the +1 Werebane (weapon in left hand)
 Armor    ('[')
  c - an uncursed +0 fedora (being worn)
  v - an uncursed +0 oilskin cloak (being worn)
  h - an uncursed +0 leather jacket (being worn)
 Comestibles  ('%')
  d - 3 uncursed food rations
  q - an uncursed lembas wafer
 Wands    ('/')
  L - a wand of magic missile (0:2)
 Tools    ('(')
  b - an uncursed sack containing 2 items
  p - a bag of tricks (0:3)
  G - an expensive camera (0:49)
  F - an uncursed magic whistle
  l - an uncursed oil lamp
  k - an uncursed skeleton key
  f - a tinning kit (0:88)
 Gems/Stones  ('*')
  t - an uncursed topaz stone
  g - an uncursed touchstone

Contents of the sack:
  1215 gold pieces
  a +0 pick-axe

LDaviesPeters the Archeologist's attributes:

Background:
 You were a Field Worker, a level 5 female human Archeologist.
 You were neutral, on a mission for Camaxtli
 who was opposed by Quetzalcoatl (lawful) and Huhetotl (chaotic).
 You were left-handed.
 You were in the Dungeons of Doom, on level 3.
 You entered the dungeon 4857 turns ago.
 You had 261 experience points, 59 more were needed to attain level 6.

Basics:
 You had 0 out of 38 hit points.
 You had all 22 energy points (spell power).
 Your armor class was 8.
 Your wallet was empty, but
 you had 1215 zorkmids stashed away in your pack.
 Autopickup was off.

Final Characteristics:
 Your strength was 11 (limit:18/100).
 Your dexterity was 11 (limit:18).
 Your constitution was 17 (limit:18).
 Your intelligence was 14 (limit:18).
 Your wisdom was 17 (limit:18).
 Your charisma was 12 (limit:18).

Final Status:
 You weren't hungry.
 You were unencumbered.
 You were wielding a saber.
 You were unskilled in saber and could have enhanced that.

Final Attributes:
 You were piously aligned.
 You were poison resistant.
 You were telepathic.
 You had automatic searching.
 You were stealthy.
 You were guarded.
 You were lucky.
 You are dead.

Miscellaneous:
 You didn't encounter any bones levels.
 Total elapsed playing time was 1 hour, 6 minutes and 2 seconds.

Major events:
 Turn
    1: LDaviesPeters the neutral female human Archeologist entered the dungeon
  572: entered the Gnomish Mines
 1260: attained the rank of Field Worker (level 3)
 4494: was bestowed with Werebane by Camaxtli
 4857: killed by a rothe

Spells:
 Name                 Level Category     Fail Retention
 haste self             3   escape       100%  76%-100%
 healing                1   healing        8%  76%-100%
 sleep                  3   enchantment  100%  76%-100%

Skills:
 Fighting Skills
   bare handed combat [Unskilled]
   two weapon combat  [Unskilled]
   riding             [Unskilled]
 Weapon Skills
   dagger             [Unskilled]
   knife              [Unskilled]
   pick-axe           [Basic]
   short sword        [Unskilled]
   saber              [Unskilled]
   club               [Unskilled]
   quarterstaff       [Unskilled]
   sling              [Unskilled]
   dart               [Unskilled]
   boomerang          [Unskilled]
   whip               [Skilled]
   unicorn horn       [Unskilled]
 Spellcasting Skills
   attack spells      [Unskilled]
   healing spells     [Unskilled]
   divination spells  [Unskilled]
   matter spells      [Unskilled]

Voluntary challenges:
 Character rerolling was not enabled.
 You never genocided any monsters.
 You never polymorphed an object.
 You never changed form.
 You used no wishes.
Achievements:
 You entered the Gnomish Mines.
 You entered a shop.
 You attained the rank of Field Worker.

 The Dungeons of Doom: levels 1 to 6
    Level 1:
    Level 2:
       A general store, a fountain.
       Stairs down to The Gnomish Mines.
    Level 3: <- You were here.
       Many altars, a fountain.
       Final resting place for
          you, killed by a rothe.
    Level 4:
    Level 5:
       A fountain.
    Level 6:
 The Gnomish Mines:
    Level 3:


Vanquished creatures:
  3 rock piercers
  3 shriekers
  2 little dogs
  2 floating eyes
  a centipede
  2 giant bats
  a monkey
  2 iguanas
  2 acid blobs
  a coyote
  a gas spore
  a hobbit
  2 large kobolds
  7 giant rats
  a brown mold
  3 green molds
  a red mold
  5 geckos
 12 jackals
  2 foxes
  a kobold
  a goblin
 14 grid bugs
  2 lichens
  2 kobold zombies
  8 newts
82 creatures vanquished.

No species were genocided or became extinct.

Game over:
                       ----------
                      /          \
                     /    REST    \
                    /      IN      \
                   /     PEACE      \
                  /                  \
                  |  LDaviesPeters   |
                  |     1215 Au      |
                  |   killed by a    |
                  |      rothe       |
                  |                  |
                  |                  |
                  |       2026       |
                 *|     *  *  *      | *
        _________)/\\_//(\/(/\)/\//\/|_)_______

Goodbye LDaviesPeters the Archeologist...

You died in The Dungeons of Doom on dungeon level 3 with 2428 points,
and 1215 pieces of gold, after 4857 moves.
You were level 5 with a maximum of 38 hit points when you died.

